 Dungeon Crawl Stone Soup version 0.22-a0-422-g9628fc87f1 (webtiles) character file.

2928 Kriby the Nimble (level 9, -6/73 HPs)
             Began as a Spriggan Gladiator on May 19, 2018.
             Was an Initiate of Wu Jian.
             Mangled by a death yak (10 damage)
             ... on level 8 of the Dungeon.
             The game lasted 00:10:25 (10604 turns).

Kriby the Nimble (Spriggan Gladiator)              Turns: 10604, Time: 00:10:25

Health: -6/73      AC: 24    Str: 13    XL:     9   Next: 50%
Magic:  13/13      EV:  4    Int:  9    God:    Wu Jian [......]
Gold:   402        SH:  0    Dex: 18    Spells: 8/8 levels left

rFire    . . .     SeeInvis +   a - +1 quarterstaff
rCold    . . .     Gourm    .   (shield currently unavailable)
rNeg     + + +     Faith    .   (armour currently unavailable)
rPois    +         Spirit   .   (helmet currently unavailable)
rElec    .         Reflect  .   (cloak currently unavailable)
rCorr    .         Harm     .   (gloves unavailable)
MR       +....     NoTele   +   (boots unavailable)
Stlth    ++........             (no amulet)
HPRegen  0.22/turn              (no ring)
MPRegen  0.13/turn              (no ring)

@: tree-form, hasted, very quick
A: very small, unfitting armour, see invisible, herbivore, slow metabolism 2
a: Renounce Religion


You were on level 8 of the Dungeon.
You worshipped Wu Jian.
Wu Jian was noncommittal.
You were not hungry.
You were a tree.
You visited 2 branches of the dungeon, and saw 9 of its levels.

You collected 402 gold pieces.

Inventory:

Hand Weapons
 a - a +1 quarterstaff (weapon)
Missiles
 d - 4 throwing nets (quivered)
Armour
 b - a +0 robe
 c - a +2 hat (melded)
 u - the cursed +1 robe of the Komodo Dragon (melded) {rF+ Int+4}
   (You found it on level 5 of the Dungeon)

   It affects your intelligence (+4).
   It protects you from fire.
   It has a curse placed upon it.
Scrolls
 e - 3 scrolls of remove curse {@r2}
 j - 3 scrolls of identify {@r1}
 k - 2 scrolls of enchant weapon
 m - 2 scrolls of teleportation {@r3}
 o - a scroll of fog
 r - 2 scrolls of amnesia
 s - 2 scrolls of magic mapping
Potions
 g - 3 potions of curing {@q1}
 l - a potion of flight
 n - a potion of heal wounds {@q2}
 p - a potion of agility {@q5}
 q - 2 potions of lignification
Comestibles
 f - 11 rations {@e1}


   Skills:
 + Level 6.3 Fighting
 + Level 6.0 Staves
 - Level 2.0 Throwing
 + Level 11.1 Dodging
   Level 5.0 Evocations


You had 8 spell levels left.
You didn't know any spells.
Your spell library contained the following spells:

 Spells                   Type           Power        Failure   Level  Hunger
 Summon Small Mammal      Summ           #...         38%         1    ##.....
 Summon Ice Beast         Ice/Summ       #.......     99%         4    #####..
 Call Imp                 Summ           #.......     52%         2    ###....
 Call Canine Familiar     Summ           #.......     77%         3    ####...
 Summon Lightning Spire   Summ/Air       #.......     99%         4    #####..
 Summon Guardian Golem    Hex/Summ       #.......     77%         3    ####...


Dungeon Overview and Level Annotations

Branches:
Dungeon (8/15)             Temple (1/1) D:6            Lair (0/6) D:8

Altars:
Okawaru
Qazlal
Trog
Wu Jian
Yredelemnul
The Shining One

Shops:
D:5 (

Annotations:
D:4 exclusion: door
D:5 exclusion: downstairs
D:7 2 transporters


Innate Abilities, Weirdness & Mutations

You are very small and have problems with some larger weapons.
You are too small for most types of armour.
You have supernaturally acute eyesight. (SInv)
You are a herbivore.
((You cover ground extremely quickly.))
You need to consume almost no food.


Message History

The death yak is lightly wounded.
The death yak gores you but does no damage.
The death yak gores you. x2
You cannot move.
You hit the death yak.
The death yak is moderately wounded.
The death yak gores you but does no damage.
The death yak gores you.
The death yak gores you but does no damage.
You hit the death yak.
The death yak is moderately wounded.
The death yak gores you!
* * * LOW HITPOINT WARNING * * *
The death yak gores you but does no damage.
You barely miss the death yak.
The death yak is moderately wounded.
The death yak gores you.
* * * LOW HITPOINT WARNING * * *
The death yak gores you!
You die...

#.[.........#
#######.#########.# #.......#
#.# #.####### #.# #.# #<# *
**** #.#### #.# *
,,,********#..§§## #.####
,*,,,,.......##§Y###### #....#
,,,***########§§♣Y§...# ######
*,,,,,,,,,,,#.§§YY§##.#********
*
*,*********,#$....§#*,,,,,,,,,*
* ,,* *..........,,******,***
,,* ##.(...#....,* *,,,* ***
##..........# ***** *
#....>.....# * #..........# *
****,,*,,,,,,* **


You could see 4 death yaks.

Vanquished Creatures
  Pikel (D:7)
  The ghost of Kriby the Nimble, a novice SpGl of Okawaru (D:6)
  Menkaure (D:7)
  A water moccasin (D:6)
  2 orc warriors
  A sky beast (D:7)
  A phantom (D:5)
  3 ice beasts
  A black bear (D:6)
  A necrophage (D:6)
  A centaur (D:6)
  A wyvern zombie (D:6)
  A bullfrog zombie (D:6)
  3 crimson imps
  2 centaur skeletons
  3 jellies
  3 orc priests
  2 bullfrog skeletons
  3 iguanas
  6 worker ants
  7 orc wizards
  A hound zombie (D:7)
  A howler monkey zombie (D:6)
  3 gnolls (D:3)
  An adder (D:5)
  4 oozes
  2 adder skeletons (D:4)
  An adder zombie (D:7)
  7 worms
  3 dart slugs
  6 leopard geckos
  20 orcs
  8 giant cockroaches
  8 goblins
  5 hobgoblins
  3 jackals (D:6)
  3 quokkas
  4 bats
  5 frilled lizards
  A giant cockroach zombie (D:5)
  5 kobolds
  A quokka skeleton (D:5)
  12 rats
149 creatures vanquished.

Notes
Turn   | Place    | Note
-------+----------+-------------------------------------------
     0 | D:1      | Kriby the Spriggan Gladiator began the quest for the Orb.
     0 | D:1      | Reached XP level 1. HP: 10/10 MP: 2/2
   143 | D:1      | Reached XP level 2. HP: 15/15 MP: 3/3
   848 | D:1      | Reached skill level 5 in Dodging
  1218 | D:2      | Reached XP level 3. HP: 10/18 MP: 4/4
  2186 | D:3      | Reached XP level 4. HP: 7/23 MP: 5/5
  2915 | D:3      | Reached skill level 6 in Dodging
  2931 | D:3      | Reached XP level 5. HP: 26/27 MP: 6/6
  4091 | D:4      | Noticed a moth of wrath
  4095 | D:4      | Found a bloodstained altar of Trog.
  4145 | D:4      | HP: 1/28 [worm (11)]
  4577 | D:4      | Noticed an ice beast
  4903 | D:4      | Killed an ice beast
  4903 | D:4      | Reached skill level 1 in Evocations
  4903 | D:4      | Reached XP level 6. HP: 32/32 MP: 6/8
  5445 | D:5      | Entered Level 5 of the Dungeon
  5472 | D:5      | Reached skill level 7 in Dodging
  5845 | D:5      | Reached XP level 7. HP: 30/37 MP: 9/9
  6041 | D:5      | Found Weophahi's Weapon Shop.
  6249 | D:5      | Got a heavy robe
  6253 | D:5      | Identified the cursed +1 robe of the Komodo Dragon {rF+ Int+4} (You found it on level 5 of the Dungeon)
  6851 | D:5      | Reached skill level 8 in Dodging
  7631 | D:6      | Noticed Kriby's ghost (novice SpGl)
  7649 | D:6      | Reached XP level 8. HP: 36/42 MP: 10/10
  7659 | D:6      | Killed Kriby's ghost
  7659 | D:6      | Reached skill level 9 in Dodging
  7719 | D:6      | Reached skill level 5 in Fighting
  7931 | D:6      | Reached skill level 5 in Staves
  8279 | D:6      | Found a staircase to the Ecumenical Temple.
  8290 | D:6      | Reached skill level 5 in Evocations
  8977 | Temple   | Entered the Ecumenical Temple
  8983 | Temple   | Became a worshipper of the Wu Jian Council
  9175 | D:6      | Reached skill level 10 in Dodging
  9378 | D:7      | Found a transporter.
  9382 | D:7      | Reached XP level 9. HP: 44/46 MP: 13/13
 10063 | D:7      | Noticed Pikel
 10093 | D:7      | Killed Pikel
 10235 | D:7      | Noticed Menkaure
 10241 | D:7      | Killed Menkaure
 10241 | D:7      | Reached skill level 11 in Dodging
 10449 | D:7      | Found a transporter.
 10590 | D:8      | Noticed a death yak
 10591 | D:8      | Found a staircase to the Lair.
 10591 | D:8      | Noticed a death yak
 10592 | D:8      | Noticed a death yak
 10592 | D:8      | Noticed a death yak
 10604 | D:8      | Mangled by a death yak

Vault maps used:
D:1:      minmay_arrival_open_corners
D:2:      lemuel_upstairs_altar
D:3:      kennysheep_generic_room_2
D:4:      tgw_trog
D:5:      serial_shops, kennysheep_mini_moat, first_ration
D:6:      minmay_temple_entry_poolview
D:7:      gammafunk_steamed_eel, uniq_menkaure, uniq_pikel
D:8:      grunt_temple_overflow_open, marbit_many_paths, dpeg_lair_monsters
Temple:   eino_temple_rhombus

Skill      XL: |  1  2  3  4  5  6  7  8  9 |
---------------+----------------------------+-----
Fighting       | 2 3 4 5 6 |  6.3
Dodging        | 5 6 7 8 10 11 | 11.1
Staves         | 3 4 5 6 |  6.0
Evocations     | 1 2 5 |  5.0
Throwing       | |  2.0

Action                   |  1- 3 |  4- 6 |  7- 9 || total
-------------------------+-------+-------+-------++-------
Melee: Quarterstaff      |   178 |   237 |   294 ||   709
Invok: Lunge             |       |       |     6 ||     6
Evoke: Wand              |       |     5 |    10 ||    15
  Use: Potion            |       |     3 |     7 ||    10
       Scroll            |       |     3 |     9 ||    12
 Stab: Sleeping          |     4 |       |     5 ||     9
       Distracted        |       |       |     1 ||     1
  Eat: Ration            |       |     2 |     2 ||     4
Armor: Robe              |    13 |     9 |    21 ||    43
       Skin              |       |       |     9 ||     9
Dodge: Dodged            |   182 |   192 |   277 ||   651

Table legend:
 A = Spawn XP
 B = Non-spawn XP
 C = Spawn XP percentage of total XP
 D = Spawn monster count
 E = Non-spawn monster count
 F = Spawn count percentage of total count
 G = Total turns spent on level
                    A         B        C        D         E        F      G
               +---------+---------+-------+---------+---------+-------+---------
         Total |       0 |    4184 |   0.0 |       0 |     149 |   0.0 | 10604
               +---------+---------+-------+---------+---------+-------+---------
           D:1 |       0 |      36 |   0.0 |       0 |      19 |   0.0 |  1198
           D:2 |       0 |      30 |   0.0 |       0 |      12 |   0.0 |  1093
           D:3 |       0 |     156 |   0.0 |       0 |      36 |   0.0 |   930
           D:4 |       0 |     322 |   0.0 |       0 |      20 |   0.0 |  2449
           D:5 |       0 |     661 |   0.0 |       0 |      18 |   0.0 |  1536
           D:6 |       0 |    1564 |   0.0 |       0 |      30 |   0.0 |  2126
           D:7 |       0 |    1415 |   0.0 |       0 |      14 |   0.0 |  1216
               +---------+---------+-------+---------+---------+-------+---------
